 Dungeon Crawl Stone Soup version 0.20.1-1-g8b1a95d (webtiles) character file.

1676 OneorTwo the Spear-Bearer (level 9, -1/71 HPs)
             Began as a Merfolk Gladiator on Aug 7, 2017.
             Slain by an orc warrior
             ... wielding a +0 long sword
              (9 damage)
             ... on level 6 of the Dungeon.
             The game lasted 00:23:06 (7316 turns).

OneorTwo the Spear-Bearer (Merfolk Gladiator)       Turns: 7316, Time: 00:23:06

Health: -1/71      AC:  7    Str: 18    XL:     9   Next: 1%
Magic:  9/9        EV: 14    Int:  7    God:
Gold:   358        SH:  0    Dex: 15    Spells: 8/8 levels left

rFire    . . .     SeeInvis .   a - +1 trident
rCold    . . .     Gourm    .   v - +0 shield
rNeg     . . .     Faith    .   b - +0 leather armour
rPois    .         Spirit   .   c - +1 helmet
rElec    .         Reflect  .   r - +0 cloak
rCorr    .         Harm     .   e - +0 pair of gloves
MR       .....                  (no boots)
Stlth    +.........             (no amulet)
Regen    0.3/turn               (no ring)
MPRegen  0.2/turn               (no ring)

@: confused
A: change form in water, swift swim, stealthy swim
a: no special abilities


You were on level 6 of the Dungeon.
You were not hungry.

You visited 1 branch of the dungeon, and saw 6 of its levels.

You collected 358 gold pieces.

Inventory:

Hand Weapons
 a - a +1 trident (weapon)
 l - a +0 spear
 s - a +0 halberd
Missiles
 d - 3 throwing nets
 j - 169 stones (quivered)
Armour
 b - a +0 leather armour (worn)
 c - a +1 helmet (worn)
 e - a +0 pair of gloves (worn)
 r - a +0 cloak (worn)
 v - a +0 shield (worn)
Jewellery
 y - an uncursed ring of protection from cold {unknown}
Wands
 C - a wand of lightning (9/15)
Scrolls
 m - a scroll of identify
 n - a scroll of teleportation
 p - a scroll of fear
 t - a scroll of enchant armour
 x - a scroll of recharging
Potions
 h - a potion of curing {unknown}
 i - a potion of flight {unknown}
 q - 2 potions of agility {unknown}
 u - 3 potions of lignification {unknown}
 A - a potion of might {unknown}
Comestibles
 f - 4 bread rations
 g - 2 fruits
 o - a meat ration
 w - 4 chunks of flesh
 z - a royal jelly


   Skills:
 + Level 6.5 Fighting
 * Level 11.9 Polearms
 - Level 2.0 Throwing
 + Level 7.9 Dodging


You had 8 spell levels left.
You didn't know any spells.

Dungeon Overview and Level Annotations

Branches:
Dungeon (6/15)
 Temple: D:4-7

Altars:
Cheibriados
Dithmenos
Fedhas
Gozag
Kikubaaqudgha
Nemelex Xobeh
Uskayaw
Vehumet
Yredelemnul

Shops:
D:4 [


Message History

You hit the orc warrior.
The orc warrior is almost dead.
The orc warrior barely misses you.
You closely miss the orc warrior.
The orc warrior is almost dead.
You barely miss the orc warrior.
The orc warrior is almost dead.
The orc warrior hits you but does no damage.
You hit the orc warrior.
The orc warrior is almost dead.
The orc warrior hits you with a long sword!!
* * * LOW HITPOINT WARNING * * *
You closely miss the orc warrior.
The orc warrior is almost dead.
The orc warrior hits you with a long sword.
* * * LOW HITPOINT WARNING * * *
You are confused.
You feel invigorated.
The orc warrior hits you with a long sword!
You die...

##.......... ............ #
#........... .#........<..
............ #......... ###
(########........ # ..
.(.($)o@....# #. #.#
#########...## ###.##[###
#....### .........## ##..)..#
# .....>....#####
###...#.....# ..............#
#.........#.#
........#####.###.####....#
........#...#..)..# ..#...#
........#...#..##............


You could see an orc warrior.

Vanquished Creatures
  An ice beast (D:5)
  4 ogres
  2 phantoms
  A sky beast (D:4)
  The ghost of ReignOfFire the Slasher, an amateur DsGl (D:3)
  4 centaurs
  3 crimson imps (D:6)
  A bullfrog zombie (D:6)
  2 orc wizards (D:5)
  An iguana (D:6)
  An orc priest (D:6)
  2 worker ants
  A statue (D:6)
  A mummy (D:5)
  A hound skeleton (D:5)
  5 gnolls
  7 adders
  2 oozes
  2 adder skeletons
  4 worms
  A dart slug (D:3)
  3 leopard geckos (D:1)
  5 orcs
  10 bats
  9 giant cockroaches
  5 goblins
  15 hobgoblins
  3 jackals (D:3)
  2 quokkas
  4 ball pythons
  A ball python skeleton (D:4)
  5 frilled lizards
  A hobgoblin zombie (D:5)
  11 kobolds
  A kobold zombie (D:5)
  2 quokka skeletons (D:4)
  8 rats
132 creatures vanquished.

Vanquished Creatures (others)
  An adder zombie (D:5)
1 creature vanquished.

Grand Total: 133 creatures vanquished

Notes
Turn   | Place    | Note
-------+----------+-------------------------------------------
     0 | D:1      | OneorTwo the Merfolk Gladiator began the quest for the Orb.
     0 | D:1      | Reached XP level 1. HP: 16/16 MP: 1/1
    84 | D:1      | Reached XP level 2. HP: 22/22 MP: 2/2
    87 | D:1      | Reached skill level 5 in Polearms
   304 | D:1      | Reached XP level 3. HP: 16/28 MP: 3/3
   545 | D:1      | Found a sparkling altar of Nemelex Xobeh.
   811 | D:2      | Reached skill level 6 in Polearms
   811 | D:2      | Reached XP level 4. HP: 33/35 MP: 4/4
   835 | D:2      | Found a basalt altar of Yredelemnul.
  2035 | D:2      | Reached XP level 5. HP: 36/42 MP: 5/5
  2256 | D:3      | Noticed ReignOfFire's ghost (amateur DsGl)
  2392 | D:3      | Reached skill level 7 in Polearms
  2486 | D:3      | Found an opulent altar of Gozag.
  2713 | D:3      | Found a shadowy altar of Dithmenos.
  3985 | D:3      | Killed ReignOfFire's ghost
  3985 | D:3      | Reached XP level 6. HP: 18/48 MP: 6/6
  4228 | D:3      | Found a hide-covered altar of Uskayaw.
  4241 | D:3      | Found a basalt altar of Yredelemnul.
  4492 | D:4      | Found a snail-covered altar of Cheibriados.
  4578 | D:4      | Found a blossoming altar of Fedhas.
  4595 | D:4      | Found an ancient bone altar of Kikubaaqudgha.
  4661 | D:4      | Found Refum's Antique Armour Boutique.
  4762 | D:4      | Noticed a sky beast
  4868 | D:4      | Reached skill level 8 in Polearms
  4868 | D:4      | Reached skill level 5 in Dodging
  4881 | D:4      | Noticed a phantom
  4921 | D:4      | Killed a phantom
  5250 | D:5      | Entered Level 5 of the Dungeon
  5259 | D:5      | Reached XP level 7. HP: 27/55 MP: 7/7
  5478 | D:4      | Reached skill level 5 in Fighting
  5478 | D:4      | Reached skill level 9 in Polearms
  6006 | D:5      | Reached skill level 10 in Polearms
  6009 | D:5      | Reached XP level 8. HP: 57/63 MP: 8/8
  6591 | D:5      | Found a sparkling altar of Nemelex Xobeh.
  6758 | D:6      | Reached skill level 11 in Polearms
  6915 | D:6      | Got a dazzling dagger
  6916 | D:6      | Identified the +1 dagger "Veatai" {holy, *Slow rElec rN++ SInv} (You found it on level 6 of the Dungeon)
  7026 | D:6      | Found a radiant altar of Vehumet.
  7276 | D:6      | Reached XP level 9. HP: 71/71 MP: 9/9
  7316 | D:6      | Slain by an orc warrior

Skill      XL: |  1  2  3  4  5  6  7  8 |
---------------+-------------------------+-----
Polearms       | 5 6 7 8 10 11 | 11.9
Fighting       | 3 4 5 6 |  6.5
Dodging        | 5 6 7 |  7.9
Throwing       | |  2.0

Action                   |  1- 3 |  4- 6 |  7- 9 || total
-------------------------+-------+-------+-------++-------
Melee: Trident           |   133 |   200 |   236 ||   569
       Halberd           |       |    64 |       ||    64
Throw: Stone             |       |    12 |     8 ||    20
       Throwing net      |       |     1 |       ||     1
  Use: Potion            |       |     1 |     1 ||     2
       Scroll            |       |       |    10 ||    10
 Stab: Sleeping          |       |     3 |       ||     3
  Eat: Chunk             |       |    11 |     7 ||    18
       Fruit             |       |     3 |       ||     3
Armor: Leather armour    |    28 |    33 |    34 ||    95
Dodge: Dodged            |    93 |   145 |    50 ||   288
Block: Shield            |       |    34 |    44 ||    78
